 Dungeon Crawl Stone Soup version 0.17.0-28-g6e173f8 (webtiles) character file.

131 PossumBlood the Magician (level 4, -1/24 HPs)
             Began as a Deep Elf Air Elementalist on Nov 24, 2015.
             Killed by nerve-wracking pain
             ... invoked by a shadow imp
              (9 damage)
             ... in a sewer.
             The game lasted 00:11:27 (2528 turns).

PossumBlood the Magician (DEAE)                     Turns: 2528, Time: 00:11:27

Health: -1/24      AC:  3    Str:  5      XL:     4   Next: 91%
Magic:  1/12       EV: 13    Int: 21      God:
Gold:   133        SH:  0    Dex: 14 (15) Spells: 3 memorised, 6 levels left

rFire  . . .     SeeInvis .     i - +1 club
rCold  . . .     Clarity  .     a - +0 robe
rNeg   . . .     SustAt   .     (no shield)
rPois  .         Gourm    .     (no helmet)
rElec  .         Spirit   .     j - +0 cloak
rCorr  .         Warding  .     (no gloves)
rMut   .         Stasis   .     (no boots)
MR     .....                    (no amulet)
Stlth  ++........               m - ring of wizardry
                                e - ring of flight

@: lethally poisoned (-1 -> -12), not resistant to hostile enchantments,
unstealthy
A: no striking features
a: Evoke Flight


You were in a sewer.
You were not hungry.

You visited 1 branch of the dungeon, and saw 3 of its levels.
You also visited: Sewer.

You collected 133 gold pieces.

Inventory:

Hand Weapons
 i - a +1 club (weapon)
Armour
 a - a +0 robe (worn)
 j - a +0 cloak (worn)
Jewellery
 e - a ring of flight (left hand)
 m - a ring of wizardry (right hand)
Scrolls
 d - 2 scrolls of remove curse
 n - a scroll of enchant weapon
Potions
 c - a potion of curing {unknown}
 g - 2 potions of cancellation {unknown}
 h - 2 potions of heal wounds {unknown}
 k - a potion of mutation {unknown}
 l - a potion of poison {unknown}
Books
 b - a book of Air

   Spells                             Type                      Level
   a - Shock                          Conjuration/Air              1
   b - Swiftness                      Charms/Air                   2
   c - Repel Missiles                 Charms/Air                   2
   d - Static Discharge               Conjuration/Air              3
   e - Lightning Bolt                 Conjuration/Air              5
Comestibles
 f - 2 slices of pizza


   Skills:
 + Level 2.7 Dodging
 + Level 2.6 Stealth
 + Level 4.9 Spellcasting
 + Level 2.5 Conjurations
 + Level 4.0 Air Magic


You had 6 spell levels left.
You knew the following spells:

 Your Spells              Type           Power        Failure   Level  Hunger
a - Shock                 Conj/Air       ###.         1%          1    None
b - Static Discharge      Conj/Air       ###.....     4%          3    ##.....
c - Swiftness             Chrm/Air       ##......     4%          2    None


Dungeon Overview and Level Annotations

Branches:
Dungeon (3/15)

Altars:
Yredelemnul

Annotations:
Sewer Grinder


Message History

The kobold unwields an uncursed dagger.
The kobold wields an uncursed blowgun.
The kobold shoots a poisoned needle.
The poisoned needle hits you!
You are lethally poisoned!
Things that are here:
2 poisoned needles; 3 stones; a kobold skeleton Why would you want to do that?
Why would you want to do that? Why would you want to do that?
Why would you want to do that?
You feel sick. The bat hits you.
You feel sick.
You feel sick.
The apprentice kobold demonologist gestures wildly while chanting.
You feel sick.
You feel sick.
You feel sick.
The apprentice kobold demonologist looks braver for a moment.
The shadow imp gestures at you. Pain shoots through your body!
You die...

≈≈≈≈≈≈#.≈)#≈≈≈≈≈≈#
≈≈≈≈≈≈#.≈.≈≈≈≈≈≈≈#
≈≈≈≈≈≈#.≈.#≈≈≈≈≈≈#
≈≈≈≈≈≈≈.≈.#≈≈≈≈≈≈#
≈≈≈≈≈≈#≈.(#.≈≈≈≈≈#
≈≈≈≈≈...≈...≈≈≈≈≈#
≈..≈..#≈≈≈#..≈≈≈≈#
......#≈≈≈#......#
+#######≈#######@#
....#≈≈≈#.K.5..#.≈≈
≈≈≈≈...SK≈≈(≈≈≈..≈≈#
≈≈≈#..(#≈≈≈≈≈≈#.≈≈#
####'#############
#.. #..§ +...K +.§._


You could see an apprentice kobold demonologist, an adder, a shadow imp and a
kobold.

Vanquished Creatures
  A quasit (Sewer)
  A river rat (D:3)
  A shadow imp (Sewer)
  2 oozes (D:1)
  A worm (D:3)
  3 giant geckos (D:1)
  5 ball pythons
  6 giant cockroaches
  2 gnoll zombies (D:2)
  2 goblins
  4 hobgoblins
  4 jackals (D:1)
  17 kobolds
  6 bats
  A giant cockroach zombie (Sewer)
  8 giant newts
  2 kobold zombies (Sewer)
  2 quokkas (D:2)
  6 rats
74 creatures vanquished.

Vanquished Creatures (others)
  An ooze (Sewer)
  2 kobold zombies (Sewer)
3 creatures vanquished.

Grand Total: 77 creatures vanquished

Notes
Turn   | Place    | Note
--------------------------------------------------------------
     0 | D:1      | PossumBlood the Deep Elf Air Elementalist began the quest for the Orb.
     0 | D:1      | Reached XP level 1. HP: 10/10 MP: 6/6
   128 | D:1      | Reached XP level 2. HP: 9/15 MP: 0/8
   917 | D:1      | Reached XP level 3. HP: 19/19 MP: 8/10
   922 | D:1      | Learned a level 3 spell: Static Discharge
  1209 | D:2      | Reached skill level 4 in Spellcasting
  1341 | D:2      | Found a basalt altar of Yredelemnul.
  1979 | D:3      | Reached XP level 4. HP: 24/24 MP: 1/12
  2114 | D:3      | Found a glowing drain.
  2118 | Sewer    | Entered a sewer
  2271 | Sewer    | Learned a level 2 spell: Swiftness
  2506 | Sewer    | Found a burning altar of Makhleb.
  2515 | Sewer    | Noticed Grinder
  2517 | Sewer    | Noticed an apprentice kobold demonologist
  2528 | Sewer    | Killed from afar by a shadow imp

Action                   |  1- 3 |  4- 6 || total
-------------------------+-------+-------++-------
Melee: Unarmed           |     3 |       ||     3
       Club              |     4 |    11 ||    15
 Cast: Shock             |   102 |    53 ||   155
  Use: Scroll            |     8 |       ||     8
  Eat: Bread ration      |     1 |       ||     1
